cohdb
Replays
Latest Replays
All Replays
Popular Replays
Top Player Replays
Match Explorer
How It Works
Community
CoH3 Stats
Reddit
Sign in to upload your games and track your stats! →
Sign in with Steam
Match 43394048
Unlisted
Match 43394048
Overview
Messages
Build Orders
End
Selects Italian Combined Arms Battlegroup
Selects Bersaglieri Squad
Bersaglieri Squad
250 Light Carrier
Bersaglieri Squad
Construct Light Support Kompanie
Bersaglieri Squad
2.5-tonne Medical Truck
Fire Support Elements
Selects Bersaglieri Bolster
Combat Half-tracks
Pak 38 Mechanized Group
Flakvierling Half-track
Selects Semovente da 75/18 Assault Gun
Selects Strafing Run
Semovente da 75/18 Assault Gun
Semovente da 75/18 Assault Gun
Selects Breda Model 30 Light Machine Guns
MG34 Team
Construct Mechanized Kompanie
Selects Artillery Cover
le.IG 18 Mechanized Group
Bersaglieri Squad
TecafeinCL
Usman Abdul Jalil Shisha
VICEXORC
Skibana
Tok3n x Operator
TechT0nic
0
0
Comments
sign in to comment!
No comments posted yet!